AoeStats
← darador86

MegaRandom

507879532Analyzed
4v4 RM · 14d ago on Sep 20, 2026· 64m 56s· 8 players
Game mode
Random Map
Map size
Large (8 player)
Population
200
Speed
Normal
Resources
Standard
Victory
Conquest
Starting age
Dark Age
Ending age
Imperial Age
RankedLock teamsTeams togetherTeam positionsShared explorationLock speedFull tech treeHidden civsTurbo modeCheats
Victory
Defeat
🇵🇪 Spanish · Peru
663
+16
🇲🇽 Franks · Mexico
660
+16
🇦🇷 Huns · Argentina
643
+16
🇺🇸 Armenians · United States
633
+17
🇪🇨 Romans · Ecuador
715
-19
🇺🇸 Japanese · United States
678
-17
🇨🇳 Chinese · China
626
-15
🇦🇺 Spanish · Australia
595
-14
AnarchistOwl
7:09 Loom
22:45 Feudal Age
23:28 Man-at-Arms
25:40 Fishing Lines
25:26 Long Swordsman
26:30 Arson
27:16 Scale Mail Armor
28:07 Town Watch
29:32 Forging
34:58 Castle Age
33:57 Double-Bit Axe
34:52 Wheelbarrow
35:07 Two-Handed Swordsman
35:35 Gambesons
35:51 Squires
36:25 Chain Mail Armor
37:10 Hand Cart
41:51 Iron Casting
51:00 Champion
55:24 Bow Saw
55:05 Gold Mining
55:17 Pikeman
57:40 Halberdier
60:50 Horse Collar
61:58 Town Patrol
darador86
20:17 Feudal Age
22:18 Fishing Lines
25:12 Forging
25:18 Double-Bit Axe
30:01 Castle Age
29:46 Gold Mining
29:46 Stone Mining
30:33 Town Watch
31:23 Wheelbarrow
31:18 Bow Saw
31:47 Gold Shaft Mining
31:51 Pikeman
35:13 Gillnets
38:35 Caravan
39:15 Thumb Ring
43:56 Town Patrol
44:12 Hand Cart
44:52 Husbandry
45:04 Bloodlines
45:00 Padded Archer Armor
44:51 Fletching
45:07 Scale Barding Armor
49:45 Imperial Age
48:13 Murder Holes
48:30 Masonry
48:12 Elite Skirmisher
52:20 Parthian Tactics
52:51 Marauders
53:50 Guilds
54:21 Conscription
59:34 Two-Man Saw
armvalcap
18:37 Feudal Age
20:30 Fishing Lines
21:49 Wheelbarrow
21:01 Double-Bit Axe
25:38 Castle Age
25:03 Scale Barding Armor
25:10 Forging
25:01 Padded Archer Armor
25:00 Fletching
25:21 Stone Mining
25:22 Gold Mining
26:47 Town Watch
28:01 Gillnets
29:04 Gold Shaft Mining
32:01 Hand Cart
36:14 Bow Saw
38:04 Caravan
38:05 Murder Holes
38:31 Ballistics
43:11 Masonry
45:38 Imperial Age
43:43 Demolition Ship
44:34 Medium Warships
44:47 Town Patrol
46:14 Chain Barding Armor
45:55 Scale Mail Armor
49:45 Chemistry
49:16 Architecture
48:51 Siege Engineers
49:50 Conscription
49:31 Chivalry
50:27 Cavalier
51:07 Husbandry
50:34 Heavy Scorpion
52:35 Loom
53:56 Paladin
rr7246617
15:23 Feudal Age
22:15 Castle Age
21:15 Horse Collar
21:25 Fishing Lines
21:35 Double-Bit Axe
25:30 Husbandry
25:59 Stone Mining
26:12 Heavy Plow
33:47 Bow Saw
35:55 Caravan
36:42 Wheelbarrow
38:53 Pikeman
44:02 Imperial Age
47:35 Chemistry
52:01 Elite Conquistador
53:10 Padded Archer Armor
Dr_foul
20:35 Loom
22:32 Feudal Age
23:15 Horse Collar
27:01 Stone Mining
30:25 Castle Age
30:38 Pikeman
31:20 Squires
31:30 Husbandry
31:41 Bloodlines
36:53 Caravan
43:35 Fortified Wall
44:14 Light Cavalry
45:43 Wheelbarrow
49:40 Hand Cart
evilkenshin
17:23 Feudal Age
19:21 Wheelbarrow
18:44 Fishing Lines
19:20 Double-Bit Axe
20:17 Horse Collar
22:14 Town Watch
28:53 Man-at-Arms
33:28 Castle Age
31:40 Fletching
32:04 Stone Mining
33:43 Gold Mining
36:05 Hand Cart
36:04 Bow Saw
36:01 Heavy Plow
38:47 Stone Shaft Mining
43:24 Thumb Ring
44:33 Pikeman
44:41 Elite Skirmisher
45:27 Squires
47:49 Bodkin Arrow
54:44 Padded Archer Armor
54:49 Scale Mail Armor
54:56 Scale Barding Armor
58:15 Imperial Age
56:00 Arson
58:39 Leather Archer Armor
60:06 Chemistry
60:21 Conscription
60:52 Murder Holes
61:59 Hoardings
62:58 Ballistics
Good night
4:46 Loom
16:35 Feudal Age
19:26 Double-Bit Axe
28:40 Castle Age
28:45 Bloodlines
30:26 Husbandry
39:57 Fortified Wall
39:58 Masonry
44:25 Imperial Age
42:12 Caravan
Hunkter
4:06 Loom
14:12 Feudal Age
19:22 Wheelbarrow
18:36 Horse Collar
21:51 Double-Bit Axe
26:36 Castle Age
30:22 Heavy Plow
30:35 Bow Saw
37:20 Pikeman
38:00 Squires
40:34 Forging
42:11 Elite Skirmisher
44:17 Fletching
45:58 Bodkin Arrow
46:05 Padded Archer Armor
48:29 Caravan
50:18 Leather Archer Armor
50:29 Hand Cart
52:15 Iron Casting
57:45 Imperial Age
Connection lost

Rejoining the realm…

Still unreachable

The connection could not be restored.

Session expired

The server has moved on; the page needs a fresh start.